 Dungeon Crawl Stone Soup version 0.18-b1-18-g7758cf2 (webtiles) character file.

271 Chiseanne the Magician (level 6, 32/41 HPs)
             Began as a Demonspawn Wizard on May 2, 2016.
             Quit the game in a sewer.
             The game lasted 00:06:30 (2735 turns).

Chiseanne the Magician (Demonspawn Wizard)          Turns: 2735, Time: 00:06:31

Health: 32/41      AC:  9    Str:  7    XL:     6   Next: 2%
Magic:  7/12       EV: 11    Int: 22    God:
Gold:   126        SH:  6    Dex: 11    Spells: 4 memorised, 6 levels left

rFire  . . .     SeeInvis .     m - +1 falchion (drain)
rCold  . . .     Gourm    .     v - +0 leather armour
rNeg   . . .     Faith    .     p - +2 buckler
rPois  .         Spirit   .     b - +0 hat
rElec  .         Dismiss  .     (no cloak)
rCorr  .         Reflect  .     (no gloves)
SustAt .         Harm     .     g - +0 pair of boots
MR     .....                    (no amulet)
Stlth  +.........               (no ring)
                                q - +3 ring of protection

@: not resistant to hostile enchantments, very unstealthy
A: horns 1, slimy green scales 1, spiny 1
a: no special abilities


You were in a sewer.
You were hungry.

You visited 1 branch of the dungeon, and saw 3 of its levels.
You also visited: Sewer.

You collected 126 gold pieces.

Inventory:

Hand Weapons
 m - a +1 falchion of draining (weapon)
 x - a +0 blowgun
Missiles
 a - 7 curare-tipped needles
 f - 78 stones (quivered)
 i - 27 poisoned needles
 l - 32 arrows
 o - 4 tomahawks
 r - 15 sling bullets
Armour
 b - a +0 hat (worn)
 g - a +0 pair of boots (worn)
 p - a +2 buckler (worn)
 v - a +0 leather armour (worn)
Jewellery
 q - a +3 ring of protection (left hand)
Wands
 e - a wand of flame (42/48)
 y - a wand of digging (12/24)
Potions
 h - a potion of agility {unknown}
 k - a potion of brilliance {unknown}
 n - a potion of magic {unknown}
 s - 2 potions of lignification
 t - a potion of curing {unknown}
 u - a potion of haste
 w - a potion of flight
Books
 c - a book of Minor Magic

   Spells                             Type                      Level
   a - Magic Dart                     Conjuration                  1
   b - Blink                          Translocation                2
   c - Call Imp                       Summoning                    2
   d - Repel Missiles                 Charms/Air                   2
   e - Slow                           Hexes                        2
   f - Conjure Flame                  Conjuration/Fire             3
   g - Mephitic Cloud                 Conjuration/Poison/Air       3
Comestibles
 d - 4 bread rations
 j - a slice of pizza


   Skills:
 - Level 1.7 Dodging
 - Level 1.7 Stealth
 * Level 2.6 Shields
 * Level 4.5 Spellcasting
 * Level 3.4 Conjurations
   Level 1.0 Summonings
 - Level 0.8 Translocations


You had 6 spell levels left.
You knew the following spells:

 Your Spells              Type           Power        Failure   Level  Hunger
a - Magic Dart            Conj           ###.         6%          1    None
b - Blink                 Tloc           N/A          24%         2    None
c - Repel Missiles        Chrm/Air       #.....       30%         2    None
d - Mephitic Cloud        Conj/Pois/Air  ##......     38%         3    ##.....


Dungeon Overview and Level Annotations

Branches:
Dungeon (3/15)

Altars:
Dithmenos
Pakellas


Innate Abilities, Weirdness & Mutations

You have a pair of small horns on your head.
You are partially covered in slimy green scales (AC +2).
You are partially covered in sharp spines.


Message History

You drain the big kobold!
The big kobold is moderately wounded.
The big kobold hits you.
You hit the big kobold. You drain the big kobold!
The big kobold is severely wounded.
The big kobold is struck by your spines.
The big kobold hits you but does no damage.
You barely miss the big kobold.
The big kobold is almost dead.
The big kobold is struck by your spines.
The big kobold barely misses you.
The big kobold is struck by your spines.
You kill the big kobold!
You have reached level 6!
Your experience leads to an increase in your attributes!
Increase (S)trength, (I)ntelligence, or (D)exterity?
You feel clever.
Your demonic ancestry asserts itself...
A pair of horns grows on your head!
Your life force feels restored.
Are you sure you want to abandon this character and quit the game? (Confirm with "yes".)

#.≈≈≈≈≈.#
#.≈≈≈≈≈≈#
#..≈≈≈..#
#.≈).≈..#
#####)####
#.......##
#..≈......#
#.≈≈≈....##
##.≈....@#
##....#.†..#
#######.#..#
## ##


There were no monsters in sight!

Vanquished Creatures
  A big kobold (Sewer)
  A giant frog (D:3)
  3 adders
  3 river rats
  2 worms
  3 dart slugs
  4 giant geckos
  2 orcs (D:3)
  5 ball pythons
  3 giant cockroaches
  4 goblins
  6 hobgoblins
  4 jackals
  3 quokkas (D:3)
  5 bats
  4 giant newts
  9 kobolds
  8 rats
70 creatures vanquished.

Notes
Turn   | Place    | Note
--------------------------------------------------------------
     0 | D:1      | Chiseanne the Demonspawn Wizard began the quest for the Orb.
     0 | D:1      | Reached XP level 1. HP: 13/13 MP: 4/4
   351 | D:1      | Gained mutation: You are partially covered in sharp spines. [demonic ancestry]
   351 | D:1      | Reached XP level 2. HP: 16/19 MP: 1/6
  1147 | D:1      | Learned a level 2 spell: Blink
  1150 | D:1      | Learned a level 2 spell: Repel Missiles
  1223 | D:1      | Reached XP level 3. HP: 24/24 MP: 8/8
  1229 | D:2      | Reached skill level 1 in Shields
  1357 | D:2      | Found an oddly glowing altar of Pakellas.
  1357 | D:2      | Found a shadowy altar of Dithmenos.
  1730 | D:2      | Learned a level 3 spell: Mephitic Cloud
  1824 | D:3      | Gained mutation: You are partially covered in slimy green scales (AC +2). [demonic ancestry]
  1824 | D:3      | Reached XP level 4. HP: 30/30 MP: 5/9
  2004 | D:3      | Noticed a giant frog
  2008 | D:3      | Killed a giant frog
  2008 | D:3      | Reached skill level 4 in Spellcasting
  2008 | D:3      | Reached XP level 5. HP: 32/35 MP: 5/11
  2243 | D:3      | Found a glowing drain.
  2247 | Sewer    | Entered a sewer
  2734 | Sewer    | Gained mutation: You have a pair of small horns on your head. [demonic ancestry]
  2734 | Sewer    | Reached XP level 6. HP: 32/41 MP: 7/12
  2735 | Sewer    | Quit the game

Skill      XL: |  1  2  3  4  5 |
---------------+----------------+-----
Shields        | 1 2 |  2.6
Conjurations   | 2 3 |  3.4
Spellcasting   | 4 |  4.5
Dodging        | |  1.7
Stealth        | |  1.7
Summonings     | |  1.0
Translocations | |  0.8

Action                   |  1- 3 |  4- 6 || total
-------------------------+-------+-------++-------
Melee: Short sword       |    30 |     6 ||    36
       Unarmed           |     5 |       ||     5
       Falchion          |       |    29 ||    29
 Cast: Magic Dart        |    49 |    61 ||   110
       Repel Missiles    |     1 |       ||     1
Evoke: Wand              |     3 |       ||     3
  Use: Scroll            |    10 |     2 ||    12
 Stab: Sleeping          |     3 |       ||     3
  Eat: Chunk             |     3 |     2 ||     5
Armor: Robe              |     7 |       ||     7
       Leather armour    |       |    13 ||    13
Dodge: Dodged            |    14 |    25 ||    39
       Deflected         |       |     1 ||     1
Block: Buckler           |     5 |    19 ||    24
